 Dungeon Crawl Stone Soup version 0.31-a0-524-g2a164cf6a2 (webtiles) character file.

Game seed: 11506678410188670853

3976 AdnanSaban the Basher (level 10, -1/61 HPs)
             Began as a Gargoyle Fighter on Aug 12, 2023.
             Was a Believer of Okawaru.
             Slain by a kobold brigand
             ... wielding a +0 whip
              (3 damage)
             ... on level 9 of the Dungeon.
             The game lasted 00:10:21 (7984 turns).

AdnanSaban the Basher (Gargoyle Fighter)            Turns: 7984, Time: 00:10:22

Health: -1/61      AC: 19    Str: 37    XL:     10   Next: 22%
Magic:  10/11      EV: 10    Int: 11    God:    Okawaru [**....]
Gold:   542        SH:  5    Dex:  9    Spells: 9/9 levels left

rFire   . . .        p - +3 flail
rCold   . . .        c - +0 buckler
rNeg    + . .        z - +0 chain mail
rPois   ∞            b - +0 helmet {Int+3}
rElec   +            (no cloak)
rCorr   .            (no gloves)
SInv    .            (no boots)
Will    .....        (no amulet) Stlth
                     A - +6 ring of strength
HPRegen 0.30/turn    u - +6 ring of strength
MPRegen 0.12/turn

%: no passive effects
@: no status effects
A: sickness immunity, AC +7, negative energy resistance 1, electricity
resistance, torment resistance 1, petrification resistance
a: Renounce Religion, Heroism


You were on level 9 of the Dungeon.
You worshipped Okawaru.
Okawaru was pleased with you.
You visited 2 branches of the dungeon, and saw 10 of its levels.
You also visited: Bailey.

You collected 542 gold pieces.

Inventory:

Hand Weapons
 p - a +3 flail (weapon)
Missiles
 i - 4 atropa-tipped darts
 q - 4 boomerangs (quivered)
 r - 14 poisoned darts
Armour
 b - a +0 helmet of intelligence (worn)
 c - a +0 buckler (worn)
 z - a +0 chain mail (worn)
Jewellery
 u - a +6 ring of strength (right hand)
 A - a +6 ring of strength (left hand)
Wands
 a - a wand of polymorph (6)
 t - a wand of flame (20)
 v - a wand of paralysis (9)
 x - a wand of iceblast (5)
Scrolls
 f - 2 scrolls of noise {unknown}
 g - a scroll of immolation {unknown}
 h - 5 scrolls of identify {unknown}
 m - 2 scrolls of poison {unknown}
 y - 2 scrolls of teleportation {unknown}
Potions
 d - a potion of might
 e - 2 potions of heal wounds {unknown}
 j - a potion of enlightenment {unknown}
 l - 3 potions of curing {unknown}
 n - a potion of cancellation {unknown}
 o - a potion of degeneration {unknown}
 s - 3 potions of haste {unknown}


   Skills:
 + Level 6.3 Fighting
 + Level 9.7 Maces & Flails
 + Level 2.0 Throwing
 + Level 7.6 Armour
 + Level 3.3 Dodging
 + Level 2.1 Stealth
 + Level 6.2 Shields
 * Level 1.6 Invocations


You had 9 spell levels left.
You didn't know any spells.
Your spell library contained the following spells:

 Spells                   Type           Power      Damage    Failure   Level
 Slow                     Hex            0%         N/A       75%         1
 Ensorcelled Hibernation  Hex/Ice        0%         N/A       86%         2
 Passwall                 Tmut/Erth      0%         N/A       86%         2
 Confusing Touch          Hex            0%         N/A       98%         3
 Ignite Poison            Fire/Tmut/Pois 0%         N/A       98%         3
 Portal Projectile        Hex/Tloc       0%         N/A       98%         3
 Swiftness                Air            0%         N/A       98%         3
 Vampiric Draining        Necr           0%         2d6       98%         3
 Leda's Liquefaction      Hex/Erth       0%         N/A       100%        4
 Freezing Cloud           Conj/Ice/Air   0%         6-21      100%        5
 Summon Small Mammal      Summ           Unusable   N/A       N/A         1
 Cigotuvi's Dreadful Rot  Necr/Pois/Air  Unusable   N/A       N/A         2
 Call Canine Familiar     Summ           Unusable   N/A       N/A         3
 Summon Guardian Golem    Hex/Summ       Unusable   N/A       N/A         3

Dungeon Overview and Level Annotations

Branches:
Dungeon (9/15)             Temple (1/1) D:7          Bailey (visited)
   Lair: D:8-11         Orc: D:9-12

Altars:
Ashenzari
Cheibriados
Elyvilon
Fedhas
Gozag
Makhleb
Nemelex Xobeh
Okawaru
Ru
Sif Muna
Trog
Uskayaw
Vehumet
Xom
Yredelemnul
Zin
The Shining One

Shops:
D:4 *   D:6 *[?(   D:7 ([:   D:9 !

Annotations:
D:6 2 transporters, MrAu's ghost, novice FoFi
D:8 Joseph


Innate Abilities, Weirdness & Mutations

You are immune to sickness and miasma.
Your stone body is resilient. (AC +7)
You are immune to poison.
You resist negative energy. (rN+)
You are resistant to electric shocks. (rElec)
You are resistant to unholy torment.
You are immune to petrification.


Message History

You barely miss the three-headed hydra.
The three-headed hydra is severely wounded.
The three-headed hydra bites you.
* * * LOW HITPOINT WARNING * * *
The three-headed hydra bites you but does no damage.
The three-headed hydra barely misses you.
You thump the three-headed hydra!
The three-headed hydra is almost dead.
You block the three-headed hydra's attack.
The three-headed hydra bites you!
* * * LOW HITPOINT WARNING * * *
The three-headed hydra barely misses you.
You thump the three-headed hydra!
The three-headed hydra is almost dead.
The three-headed hydra bites you.
* * * LOW HITPOINT WARNING * * *
The three-headed hydra barely misses you.
The three-headed hydra bites you.
* * * LOW HITPOINT WARNING * * *
You sock the three-headed hydra!
You kill the three-headed hydra!
Okawaru is honoured by your kill.
Your Throwing skill increases to level 2!
Your Invocations skill increases to level 1!
You hit the kobold brigand.
The kobold brigand is lightly wounded.
The kobold brigand hits you but does no damage.
You sock the kobold brigand!
The kobold brigand is severely wounded.
The kobold brigand hits you but does no damage.
You barely miss the kobold brigand.
The kobold brigand is severely wounded.
You block the kobold brigand's attack.
You closely miss the kobold brigand.
The kobold brigand is severely wounded.
You block the kobold brigand's attack.
You hit the kobold brigand.
The kobold brigand is almost dead.
The kobold brigand hits you with a +0 whip.
You die...

##'## #.....#.)# #.#
##'''###'# #####.#
#.....P~.# ......##
#.♣.♣.~~P# ####...##
#..♣..P)~# #.....#
#.♣.♣..~P#
#.....########..~..~PP#
#.....†......####.#####
#.....######..@K†)#
#.....# ########
#######


You could see a kobold brigand.

Vanquished Creatures
  A hydra (D:9)
  2 dream sheep (D:9)
  A wyvern (D:8)
  A steam dragon (D:7)
  Menkaure (D:5)
  3 water moccasins
  An orc warrior (Bailey)
  2 black bears
  2 ice beasts
  7 centaurs
  An ogre (D:6)
  A phantom (D:5)
  2 kobold brigands (D:9)
  3 bullfrogs
  A scorpion (D:5)
  A gnoll sergeant (Temple)
  A howler monkey (D:8)
  3 jellies
  An orc priest (D:7)
  Jessica (D:3)
  Ijyb (D:5)
  2 orc wizards
  A sleepcap (D:7)
  4 iguanas
  13 gnolls
  5 adders
  A white imp (D:6)
  An ufetubus (D:4)
  4 worms
  6 dart slugs
  17 orcs
  8 ball pythons
  6 bats
  4 endoplasms
  3 giant cockroaches
  11 goblins
  9 hobgoblins
  6 kobolds
  A quokka (D:1)
  A frilled lizard (D:1)
  8 rats
148 creatures vanquished.

Vanquished Creatures (others)
  2 orcs (D:7)
2 creatures vanquished.

Grand Total: 150 creatures vanquished

Notes
Turn   | Place    | Note
-------+----------+-------------------------------------------
     0 | D:1      | AdnanSaban the Gargoyle Fighter began the quest for the
                  | Orb.
     0 | D:1      | Reached XP level 1. HP: 14/14 MP: 1/1
   157 | D:1      | Reached XP level 2. HP: 16/19 MP: 2/2
   570 | D:1      | Reached XP level 3. HP: 24/24 MP: 3/3
  1147 | D:2      | Found a faded altar of an unknown god.
  1249 | D:2      | Reached skill level 3 in Maces & Flails
  1271 | D:2      | Reached XP level 4. HP: 21/29 MP: 4/4
  1323 | D:2      | Identified the ring "Kurphuo" {Fly Dex+2}
  2123 | D:3      | Noticed Jessica
  2133 | D:3      | Killed Jessica
  2134 | D:3      | Reached XP level 5. HP: 28/33 MP: 5/5
  2169 | D:3      | Reached skill level 1 in Dodging
  2526 | D:4      | Noticed an ice beast
  2539 | D:4      | Killed an ice beast
  2540 | D:4      | Reached skill level 4 in Maces & Flails
  2540 | D:4      | Reached XP level 6. HP: 12/38 MP: 6/6
  2834 | D:4      | Noticed a black bear
  2866 | D:3      | Killed a black bear
  3072 | D:4      | Reached skill level 5 in Maces & Flails
  3141 | D:4      | Noticed a water moccasin
  3149 | D:4      | Reached XP level 7. HP: 37/43 MP: 7/7
  3161 | D:4      | Reached skill level 5 in Armour
  3301 | D:4      | Found Wadowir's General Store.
  3614 | D:5      | Entered Level 5 of the Dungeon
  3698 | D:5      | Reached skill level 6 in Maces & Flails
  3772 | D:5      | Reached XP level 8. HP: 48/48 MP: 8/8
  3814 | D:5      | Noticed Ijyb
  3827 | D:5      | Killed Ijyb
  4200 | D:5      | Reached skill level 7 in Maces & Flails
  4243 | D:5      | Noticed Menkaure
  4249 | D:5      | Killed Menkaure
  4250 | D:5      | Reached skill level 5 in Shields
  4504 | D:6      | Found Midoet's Antique Armour Boutique.
  4574 | D:6      | Reached skill level 5 in Fighting
  4705 | D:6      | Found Qapnyoprua's Magic Scroll Shop.
  4755 | D:6      | Noticed a gargoyle
  4783 | D:6      | Found a transporter.
  4783 | D:6      | Noticed MrAu's ghost (novice FoFi)
  4787 | D:6      | Found a transporter.
  4873 | D:6      | Found Kiuj Loy's Weapon Shop.
  5358 | D:6      | Found Tufoics's Assorted Antiques.
  5523 | D:7      | Reached skill level 8 in Maces & Flails
  5523 | D:7      | Reached XP level 9. HP: 54/54 MP: 9/9
  5533 | D:7      | Reached skill level 1 in Stealth
  5627 | D:7      | Found Tebb's Book Shoppe.
  5655 | D:7      | Found a staircase to the Ecumenical Temple.
  5727 | Temple   | Entered the Ecumenical Temple
  5749 | Temple   | Became a worshipper of Warmaster Okawaru
  6028 | D:7      | Found Fiange's Armour Shoppe.
  6167 | D:7      | Found a basalt altar of Yredelemnul.
  6227 | D:7      | Found a white marble altar of Elyvilon.
  6317 | D:7      | Found Iceadog's Weapon Shoppe.
  6503 | D:8      | Noticed Joseph
  6569 | D:8      | Reached skill level 9 in Maces & Flails
  6647 | D:8      | Found a flagged portal.
  6662 | Bailey   | Entered a bailey
  7532 | D:9      | Reached skill level 1 in Throwing
  7555 | D:9      | Found Wuhawocs's Distillery.
  7853 | D:9      | Reached * piety under Okawaru
  7866 | D:9      | Reached XP level 10. HP: 46/60 MP: 10/10
  7957 | D:9      | Noticed a three-headed hydra
  7978 | D:9      | HP: 2/60 [three-headed hydra (5)]
  7979 | D:9      | Killed a three-headed hydra
  7979 | D:9      | Reached ** piety under Okawaru
  7980 | D:9      | Reached skill level 1 in Invocations
  7984 | D:9      | Slain by a kobold brigand

Illustrated notes

Levels and vault maps discovered:
D:1:      dpeg_arrival_castle, layout_loops_ring, minmay_misc_feat_enclosed,
          nicolae_concentric_dashed_squares_wild
D:2:      layout_loops_ring, shapermc_ecumenical_altar_mp_urbaneastern,
          minmay_tromino_v4_b
D:3:      layout_loops_ring, kennysheep_generic_room_12, uniq_jessica
D:4:      layout_basic, enter_ossuary_5, serial_shops, shop
D:5:      layout_basic, uniq_menkaure, uniq_ijyb
D:6:      layout_cave_pods, gammafunk_ghost_arena, serial_shops, shop, shop,
          kennysheep_little_box, nicolae_shop_dealshenge
D:7:      layout_gridville, kennysheep_ying_yang, minmay_temple_entry_tees,
          serial_shops, kennysheep_mini, nicolae_shop_bloodbath_and_beyond, shop
D:8:      layout_basic, riverfiend_overflow_shadow_ancestor, enter_bailey_3,
          uniq_joseph
D:9:      minmay_the_grid_octo_tiled_squarecenter
          [minmay_the_grid_octo_pinwheel, minmay_the_grid_octo_focus,
          minmay_the_grid_octo_clover, minmay_the_grid_octo_shrine,
          minmay_the_grid_square_5x5_megaprize_open,
          minmay_the_grid_square_5x5_meh, minmay_the_grid_square_5x5_six_small,
          minmay_the_grid_square_5x5_percent,
          minmay_the_grid_square_5x5_bracketed], layout_loops_corners,
          nicolae_overflow_crystal_walls, serial_shops, nicolae_stop_n_shop_1,
          minivault_16, hangedman_ranch, uniq_psyche, uniq_maurice,
          uniq_prince_ribbit1
Temple:   hellmonk_temple_two_chambers

Skill      XL: |  1  2  3  4  5  6  7  8  9 10 |
---------------+-------------------------------+-----
Maces & Flails | 3 4 5 6 8 9 |  9.7
Armour         | 4 5 6 7 |  7.6
Dodging        | 1 2 3 |  3.3
Fighting       | 4 5 6 |  6.3
Shields        | 4 5 6 |  6.2
Stealth        | 1 2 |  2.1
Throwing       | 1 2 |  2.0
Invocations    | 1 |  1.6

Action                     |  1- 3 |  4- 6 |  7- 9 | 10-12 || total
---------------------------+-------+-------+-------+-------++-------
  Melee: Flail             |   120 |   189 |   340 |    23 ||   672
  Throw: Dart              |       |       |    18 |       ||    18
         Boomerang         |       |       |     2 |       ||     2
 Armour: Scale mail        |    64 |    78 |   131 |       ||   273
         Chain mail        |       |       |    32 |    17 ||    49
  Dodge: Dodged            |    73 |   148 |   329 |    13 ||   563
  Block: Buckler           |    29 |    46 |    95 |    10 ||   180

Table legend: (Time is in decaauts)
 A = Elapsed time spent in this place.
 B = Non-inter-level travel time spent in this place.
 C = Inter-level travel time spent in this place.
 D = Time resting spent in this place.
 E = Time spent auto-exploring this place.
 F = Levels seen in this place.
 G = Mean time per level.
                   A        B        C        D        E       F      G
               +--------+--------+--------+--------+--------+-----+--------+
         Total |   8059 |   7582 |    477 |    514 |   5287 |  11 |  732.6 |
       Dungeon |   7773 |   7296 |    477 |    415 |   5256 |   9 |  863.7 |
        Temple |    136 |    136 |      0 |     88 |      0 |   1 |  136.0 |
        Bailey |    148 |    148 |      0 |     11 |     31 |   1 |  148.0 |
               +--------+--------+--------+--------+--------+-----+--------+

Top non-repeatable levels by time:
     D:6: 1026 daAuts
     D:3: 979 daAuts
     D:4: 949 daAuts
     D:1: 938 daAuts
     D:5: 882 daAuts
     D:7: 880 daAuts
     D:2: 844 daAuts
     D:8: 638 daAuts
     D:9: 635 daAuts
  Bailey: 148 daAuts
  Temple: 136 daAuts
